AoeStats
← segundogoyenecheg

Arena

508322056Analyzed
3v3 RM · 12d ago on Sep 21, 2026· 36m 31s· 6 players
Game mode
Random Map
Map size
Normal (6 player)
Population
200
Speed
Normal
Resources
Standard
Victory
Conquest
Starting age
Dark Age
Ending age
Imperial Age
RankedLock teamsTeams togetherTeam positionsShared explorationLock speedFull tech treeHidden civsTurbo modeCheats
Victory
Defeat
🇦🇷 Celts · Argentina
760
+15
🇦🇷 Teutons · Argentina
754
+15
🇨🇱 Bohemians · Chile
701
+30
🇨🇴 Burgundians · Colombia
775
-17
🇨🇴 Saracens · Colombia
724
-15
684
-14
Witen
11:53 Feudal Age
10:28 Horse Collar
10:41 Gold Mining
11:29 Double-Bit Axe
12:09 Stone Mining
14:35 Bow Saw
14:29 Heavy Plow
23:57 Castle Age
27:55 Two-Man Saw
27:21 Burgundian Vineyards
33:30 Imperial Age
33:03 Ballistics
35:36 Chemistry
BOT Sidra (Oscargután Puente)
2:08 Loom
12:55 Feudal Age
15:00 Wheelbarrow
14:21 Double-Bit Axe
16:23 Horse Collar
21:52 Castle Age
21:19 Stone Mining
21:22 Gold Mining
25:11 Hand Cart
25:32 Bow Saw
26:37 Heavy Plow
27:23 Gold Shaft Mining
29:49 Town Watch
31:12 Town Patrol
31:26 Murder Holes
33:01 Crossbowman
33:57 Pikeman
35:55 Yeomen
35:35 Elite Skirmisher
Fulgur
8:00 Loom
12:17 Feudal Age
18:05 Man-at-Arms
22:05 Scale Mail Armor
22:17 Forging
29:13 Horse Collar
32:32 Castle Age
31:05 Fletching
stuardo.victor
13:22 Feudal Age
14:47 Wheelbarrow
15:30 Town Watch
15:46 Double-Bit Axe
20:40 Horse Collar
21:42 Forging
30:33 Castle Age
31:31 Bow Saw
31:41 Hand Cart
31:27 Town Patrol
32:24 Heavy Plow
33:52 Fervor
33:38 Herbal Medicine
34:06 Caravan
36:21 Iron Casting
36:11 Loom
segundogoyenecheg
11:08 Feudal Age
12:03 Double-Bit Axe
17:45 Castle Age
16:01 Gold Mining
18:43 Wheelbarrow
18:34 Man-at-Arms
18:39 Pikeman
20:08 Gambesons
20:33 Scale Mail Armor
21:04 Horse Collar
21:45 Man-at-Arms
25:40 Forging
25:46 Chain Mail Armor
26:00 Bow Saw
25:41 Long Swordsman
28:40 Heavy Plow
28:32 Stone Mining
29:21 Gold Shaft Mining
30:31 Stone Shaft Mining
31:26 Hand Cart
30:58 Loom
31:02 Town Watch
31:42 Chain Mail Armor
32:03 Iron Casting
33:11 Ballistics
33:01 Fortified Wall
33:54 Town Patrol
shampi16
1:49 Loom
9:41 Feudal Age
11:30 Horse Collar
11:41 Double-Bit Axe
19:41 Wheelbarrow
21:51 Fletching
25:21 Castle Age
32:47 Imperial Age
32:55 Imperial Age
31:51 Gold Mining
31:52 Stone Mining
33:58 Heavy Plow
35:53 Forging
35:43 Scale Mail Armor
35:54 Forging
35:44 Scale Mail Armor
Connection lost

Rejoining the realm…

Still unreachable

The connection could not be restored.

Session expired

The server has moved on; the page needs a fresh start.